AoeStats
← FC_M@sTer

Lombardia

509805625Analyzed
3v3 RM · 6d ago on Sep 28, 2026· 37m 18s· 6 players
Game mode
Random Map
Map size
Normal (6 player)
Population
200
Speed
Normal
Resources
Standard
Victory
Conquest
Starting age
Dark Age
Ending age
Imperial Age
RankedLock teamsTeams togetherTeam positionsShared explorationLock speedFull tech treeHidden civsTurbo modeCheats
Victory
Defeat
🇨🇴 Ethiopians · Colombia
1394
+7
1222
+13
🇨🇴 Poles · Colombia
1069
+19
🇦🇷 Wei · Argentina
1181
-14
🇦🇷 Mongols · Argentina
1155
-13
🇦🇷 Magyars · Argentina
1137
-12
Kerry Camilanga
9:23 Feudal Age
7:42 Loom
10:32 Double-Bit Axe
13:23 Horse Collar
17:07 Wheelbarrow
17:48 Scale Barding Armor
19:01 Fletching
22:13 Castle Age
22:48 Bloodlines
22:55 Bodkin Arrow
23:34 Bow Saw
23:52 Padded Archer Armor
26:45 Husbandry
26:09 Light Cavalry
28:42 Husbandry
30:30 Forging
31:52 Town Watch
32:09 Elite Skirmisher
35:40 Hand Cart
ElCidVuelve
6:15 Loom
9:27 Feudal Age
15:53 Castle Age
28:55 Double-Bit Axe
29:25 Horse Collar
30:13 Elite Skirmisher
31:53 Wheelbarrow
32:50 Pikeman
Armando Estevi VOK
6:02 Loom
10:42 Feudal Age
11:45 Double-Bit Axe
15:05 Castle Age
19:49 Scale Barding Armor
30:03 Chain Barding Armor
33:24 Horse Collar
FC_M@sTer
6:40 Loom
9:33 Feudal Age
10:04 Double-Bit Axe
12:34 Town Watch
15:31 Fletching
17:19 Padded Archer Armor
21:19 Scale Mail Armor
21:47 Arson
29:26 Castle Age
27:50 Gold Mining
27:59 Horse Collar
29:35 Stone Mining
29:40 Crossbowman
31:05 Squires
31:11 Bodkin Arrow
39:52 Imperial Age
FC_Satuplese
12:16 Feudal Age
15:36 Bloodlines
18:35 Horse Collar
25:25 Castle Age
23:33 Scale Barding Armor
23:38 Forging
25:58 Fletching
26:32 Chain Barding Armor
26:33 Light Cavalry
27:16 Husbandry
27:53 Iron Casting
31:57 Gold Mining
34:05 Wheelbarrow
38:12 Hand Cart
FC_Proyecto_El_Conquistador_X
5:57 Loom
9:11 Feudal Age
9:53 Double-Bit Axe
11:31 Fletching
24:49 Castle Age
24:28 Wheelbarrow
25:22 Gold Mining
25:05 Crossbowman
25:44 Bodkin Arrow
33:12 Horse Collar
36:12 Ballistics
Connection lost

Rejoining the realm…

Still unreachable

The connection could not be restored.

Session expired

The server has moved on; the page needs a fresh start.